 Dungeon Crawl Stone Soup version 0.30.1 (webtiles) character file.

Game seed: 8006319481608040890

122 Fodor the Covered (level 4, -4/40 HPs)
             Began as a Minotaur Fighter on July 10, 2023.
             Splashed by a jelly's acid (7 damage)
             ... on level 4 of the Dungeon.
             The game lasted 00:14:24 (2248 turns).

Fodor the Covered (Minotaur Fighter)                Turns: 2248, Time: 00:14:26

Health: -4/40      AC:  0    Str: 22    XL:     4   Next: 78%
Magic:  3/3        EV:  9    Int:  5    God:
Gold:   131        SH:  4    Dex: 10    Spells: 3/3 levels left

rFire   + . .        a - +0 long sword
rCold   x . .        c - +0 buckler
rNeg    . . .        b - +0 scale mail
rPois   .            (helmet restricted)
rElec   .            (no cloak)
rCorr   .            (no gloves)
SInv    .            (no boots)
Will    .....        (no amulet) Stlth
                     f - ring of fire
HPRegen 0.26/turn    (no ring)
MPRegen 0.08/turn

%: no passive effects
@: corroded
A: horns 2, retaliatory headbutt
a: no special abilities


You were on level 4 of the Dungeon.
You visited 1 branch of the dungeon, and saw 4 of its levels.

You collected 155 gold pieces.
You spent 24 gold pieces at shops.

Inventory:

Hand Weapons
 a - a +0 long sword (weapon)
Missiles
 g - 4 boomerangs (quivered)
Armour
 b - a +0 scale mail (worn)
 c - a +0 buckler (worn)
Jewellery
 f - a ring of fire (left hand)
Scrolls
 h - a scroll of magic mapping
 i - a scroll of amnesia
 j - a scroll of fog {unknown}
Potions
 d - a potion of might
 k - a potion of lignification {unknown}


   Skills:
 + Level 4.2 Fighting
 + Level 3.9 Long Blades
 + Level 0.2 Throwing
 + Level 4.6 Armour
 + Level 1.1 Dodging
 + Level 4.2 Shields


You had 3 spell levels left.
You didn't know any spells.
Your spell library contained the following spells:

 Spells                   Type           Power      Damage    Failure   Level
 Hailstorm                Conj/Ice       0%         3d3       99%         3
 Ice Form                 Ice/Tmut       0%         N/A       100%        4
 Simulacrum               Ice/Necr       0%         N/A       100%        6


Dungeon Overview and Level Annotations

Branches:
Dungeon (4/15)
 Temple: D:4-7

Altars:

Shops:
D:1 ?


Innate Abilities, Weirdness & Mutations

You have a pair of horns on your head.
You reflexively headbutt those who attack you in melee.


Message History

An endoplasm comes into view.
The endoplasm quivers.
An orc comes into view. It is wielding a +0 flail.
The bat hits you but does no damage.
The orc priest calls down the wrath of Beogh upon you.
Beogh smites you! The bat attacks as you move away!
The bat hits you but does no damage. The bat closely misses you.
You furiously retaliate!
You headbutt the bat!
You kill the bat!
The endoplasm attacks as you move away! You block the endoplasm's attack.
The orc attacks as you move away! The orc closely misses you.
The endoplasm attacks as you move away! The endoplasm closely misses you.
The endoplasm attacks as you move away!
The endoplasm hits you but does no damage.
There is a stone staircase leading down here.
You can't go up here!
The endoplasm freezes you.
You are frozen.
You feel a terrible chill!
* * * LOW HITPOINT WARNING * * *
You climb downwards.
Found a hand axe and a sedimented coppery potion.
There is a stone staircase leading up here.
You slash the endoplasm!
You kill the endoplasm!
Found a dagger and 6 stones.
Found 6 large rocks.
The jelly hits you.
* * * LOW HITPOINT WARNING * * *
The acid corrodes you!
You are splashed with acid!
* * * LOW HITPOINT WARNING * * *
You block the jelly's attack.
Found a red potion and a dark potion.
The jelly jiggles.
You hit the jelly.
Your hands burn!
* * * LOW HITPOINT WARNING * * *
You headbutt the jelly!
The jelly is almost dead.
The jelly hits you.
* * * LOW HITPOINT WARNING * * *
The acid corrodes you!
You are splashed with acid!
You die...

# . ##... .(#.
. ...
#####..#.
#.###<......#
#.....#####.#
##......##
##...J...)###
#..!.@......#
#.............
#..........###
#..........#
#....(...)..#
#.#........##
#.#........# #
!.......!.


You could see a jelly.

Vanquished Creatures
  Jessica (D:2)
  Robin (D:2)
  2 adders (D:2)
  A worm (D:2)
  2 dart slugs
  5 endoplasms
  A giant cockroach (D:1)
  12 goblins
  9 hobgoblins
  4 kobolds
  2 quokkas
  2 ball pythons (D:1)
  5 bats
  3 frilled lizards
  4 rats
54 creatures vanquished.

Notes
Turn   | Place    | Note
-------+----------+-------------------------------------------
     0 | D:1      | Fodor the Minotaur Fighter began the quest for the Orb.
     0 | D:1      | Reached XP level 1. HP: 19/19 MP: 0/0
   388 | D:1      | Reached XP level 2. HP: 27/27 MP: 1/1
   518 | D:1      | Found Weix's Magic Scroll Emporium.
   526 | D:1      | Bought a scroll of identify for 24 gold pieces
   834 | D:2      | Reached XP level 3. HP: 33/33 MP: 2/2
  1185 | D:2      | Noticed Robin
  1198 | D:2      | Reached skill level 1 in Dodging
  1215 | D:2      | Killed Robin
  1275 | D:2      | Noticed Jessica
  1281 | D:2      | Killed Jessica
  1282 | D:2      | Reached XP level 4. HP: 39/40 MP: 3/3
  2248 | D:4      | Splashed by a jelly's acid

Illustrated notes

Levels and vault maps discovered:
D:1:      eino_arrival_cavern_d, layout_basic, serial_shops, shop_fountains
D:2:      layout_loops_corners, uniq_jessica, uniq_robin
D:3:      layout_loops_cross, mainiacjoe_overflow_alcove_1
D:4:      layout_rooms, okawaru_ov_weapons_minmay, kennysheep_little_box,
          serial_shops, nicolae_square_shop, nicolae_shop_hallway_plus, shop,
          nicolae_shop_stone, shop, uniq_sigmund

Skill      XL: |  1  2  3 |
---------------+----------+-----
Armour         | 4 |  4.6
Fighting       | 4 |  4.2
Shields        | 4 |  4.2
Dodging        | 1 |  1.1
Long Blades    | 3 |  3.9
Throwing       | |  0.2

Action                     |  1- 3 |  4- 6 || total
---------------------------+-------+-------++-------
  Melee: Long sword        |    73 |    34 ||   107
         Headbutt          |     6 |     1 ||     7
  Throw: Boomerang         |     9 |       ||     9
    Use: Scroll            |     3 |     2 ||     5
         Potion            |     2 |       ||     2
 Armour: Scale mail        |    35 |    27 ||    62
  Dodge: Dodged            |    36 |    14 ||    50
  Block: Buckler           |    24 |    10 ||    34
